 Dungeon Crawl Stone Soup version 0.21-a0-426-g98080a9 (webtiles) character file.

690 theanonym the Spear-Bearer (level 7, -17/55 HPs)
             Began as a Merfolk Gladiator on Nov 6, 2017.
             Demolished by mastercheaf21's ghost (24 damage)
             ... on level 5 of the Dungeon.
             The game lasted 00:05:21 (3428 turns).

theanonym the Spear-Bearer (Merfolk Gladiator)      Turns: 3428, Time: 00:05:22

Health: -17/55     AC:  7    Str: 16    XL:     7   Next: 63%
Magic:  7/7        EV: 14    Int:  7    God:
Gold:   149        SH:  5    Dex: 16    Spells: 6/6 levels left

rFire    . . .     SeeInvis +   a - +0 trident
rCold    . . .     Gourm    .   i - +0 buckler
rNeg     . . .     Faith    .   k - +1 ring mail {rPois}
rPois    +         Spirit   .   c - +0 helmet
rElec    .         Reflect  .   (no cloak)
rCorr    .         Harm     .   (no gloves)
MR       .....                  (no boots)
Stlth    +.........             (no amulet)
HPRegen  0.18/turn              t - ring of poison resistance
MPRegen  0.10/turn              o - ring of see invisible

@: no status effects
A: change form in water, swift swim, stealthy swim
a: no special abilities


   Skills:
 + Level 4.4 Fighting
 * Level 8.7 Polearms
 - Level 2.0 Throwing
 + Level 6.1 Dodging
 + Level 3.2 Shields


You had 6 spell levels left.
You didn't know any spells.

Skill      XL: |  1  2  3  4  5  6  7 |
---------------+----------------------+-----
Polearms       | 5 6 8 |  8.7
Shields        | 1 2 3 |  3.2
Fighting       | 3 4 |  4.4
Dodging        | 5 6 |  6.1
Throwing       | |  2.0

Action                   |  1- 3 |  4- 6 |  7- 9 || total
-------------------------+-------+-------+-------++-------
Melee: Trident           |   132 |   152 |    55 ||   339
Throw: Throwing net      |       |     1 |     2 ||     3
 Stab: Sleeping          |     1 |       |       ||     1
  Eat: Chunk             |     2 |     4 |     2 ||     8
Armor: Leather armour    |     7 |       |       ||     7
       Ring mail         |    24 |    29 |     3 ||    56
Dodge: Dodged            |    80 |    66 |    21 ||   167
Block: Buckler           |    22 |    36 |     7 ||    65

Inventory:

Hand Weapons
 a - a +0 trident (weapon)
 y - a +0 trident
   (You took it off an orc on level 4 of the Dungeon)
Armour
 c - a +0 helmet (worn)
 i - a +0 buckler (worn)
   (You found it on level 1 of the Dungeon)
 k - a +1 ring mail of poison resistance (worn)
   (You found it on level 1 of the Dungeon)
Jewellery
 o - a ring of see invisible (right hand)
   (You found it on level 2 of the Dungeon)
 t - a ring of poison resistance (left hand)
   (You found it on level 4 of the Dungeon)
Scrolls
 e - a scroll of fog {unknown}
 g - 4 scrolls of teleportation {unknown}
 m - 4 scrolls of identify {unknown}
 n - 2 scrolls of enchant weapon {unknown}
 p - a scroll of enchant armour {unknown}
 q - 2 scrolls of remove curse {unknown}
 u - 2 scrolls of random uselessness {unknown}
Potions
 b - a potion of cancellation {unknown}
 h - 3 potions of agility {unknown}
 l - 2 potions of heal wounds {unknown}
 r - 2 potions of haste {unknown}
 v - a potion of mutation {unknown}
 w - a potion of invisibility {unknown}
 z - a potion of ambrosia {unknown}
Books
 s - a book of Cantrips
   (You found it on level 4 of the Dungeon)

   Spells                             Type                      Level
   a - Confusing Touch                Hexes                        1
   b - Animate Skeleton               Necromancy                   1
   c - Summon Small Mammal            Summoning                    1
   d - Apportation                    Translocation                1
Comestibles
 f - 3 bread rations
 j - 3 meat rations
 x - 2 chunks of flesh

Dungeon Overview and Level Annotations

Branches:
Dungeon (5/15)
 Temple: D:4-7

Altars:
Zin

Annotations:
D:5 mastercheaf21's ghost, novice MiBe


You were on level 5 of the Dungeon.
You were not hungry.

You visited 1 branch of the dungeon, and saw 5 of its levels.

You collected 149 gold pieces.


Message History

As you open the door, it creaks loudly!
There is an open door here.
Eating one of 2 chunks of flesh.
You eat one of the 2 chunks of flesh.
As you open the door, it creaks loudly!
There is an open door here.
You open the door.
There is an open door here.
As you open the door, it creaks loudly!
There is an open door here.
Found a stone staircase leading down.
There is a stone staircase leading down here.
m - 4 scrolls labeled HOGUNU SEALIWK (gained 1) Key pressed, stopping explore.
You see here a giant club.
There is a stone staircase leading down here.
There is a stone staircase leading down here.
There is an open door here.
There is an open door here.
Key pressed, stopping explore.
Key pressed, stopping explore.
You see here a club.
y - a trident
There is a stone staircase leading down here.
Done exploring.
No target in view!
No target in view!
No target in view!
No target in view!
No target in view!
Done exploring.
There is a stone staircase leading down here.
You climb downwards.
Found a whip.
There is a stone staircase leading up here.
Found a stone staircase leading down.
No target in view!
No target in view!
No target in view!
No target in view!
g - 4 scrolls labeled IQUSME WUELITH (gained 1)
A worm comes into view.
Found 13 gold pieces.
Attack whom?
Aim: a worm You reach to attack!
You hit the worm. You puncture the worm! You hit the worm.
The worm bites you but does no damage.
You hit the worm. You hit the worm.
You kill the worm!
No target in view!
You butcher the worm corpse.
x - 3 chunks of flesh (gained 2) Some of the chunks of flesh in your inventory have rotted away.
n - 2 scrolls labeled YPRERYCSUWUO (gained 1)
Found a robe.
z - a fizzy inky potion You now have 149 gold pieces (gained 13).
You found an alarm trap!
Found a stone staircase leading down.
Mastercheaf21's ghost (novice Minotaur Berserker) comes into view.
Mastercheaf21's ghost turns its malevolent gaze towards you.
Mastercheaf21's ghost is nearby!
Mastercheaf21's ghost is nearby!
Aim: mastercheaf21's ghost (immune to nets)
You throw a throwing net.
The throwing net hits mastercheaf21's ghost.
The net passes right through mastercheaf21's ghost!
Aim: mastercheaf21's ghost (immune to nets)
You throw a throwing net.
The throwing net hits mastercheaf21's ghost.
The net passes right through mastercheaf21's ghost!
Attack whom?
Aim: mastercheaf21's ghost You reach to attack!
You barely miss mastercheaf21's ghost.
You completely miss mastercheaf21's ghost.
You block mastercheaf21's ghost's attack.
You hit mastercheaf21's ghost but do no damage.
Mastercheaf21's ghost barely misses you.
You hit mastercheaf21's ghost but do no damage.
Mastercheaf21's ghost hits you!!
You take 19 damage, and have 36/55 hp.
MASSIVE DAMAGE!!
You hit mastercheaf21's ghost but do no damage.
Mastercheaf21's ghost barely misses you.
You hit mastercheaf21's ghost. Mastercheaf21's ghost hits you.
You take 4 damage, and have 32/55 hp.
You barely miss mastercheaf21's ghost.
Mastercheaf21's ghost completely misses you.
You hit mastercheaf21's ghost but do no damage.
You hit mastercheaf21's ghost but do no damage.
Mastercheaf21's ghost hits you!!
Ouch! That really hurt!
* * * LOW HITPOINT WARNING * * *
You take 29 damage, and have 4/55 hp.
MASSIVE DAMAGE!!
Okay, then.
Okay, then.
Unknown command.
There is a stone staircase leading up here.
Mastercheaf21's ghost hits you!!
You die...

####...### ..
.....#...## ....
##......####
#...###..>.###...#
..........##
##..#######
..........#
#........#
#####.....##
##..#####.#
#......###...#
#..........W@#
#.#....###.(.#
#####.#..#.# #(..#
......#..#.# #...#
.........#.# #.#.#
#######.##.# #.#.#
...####.##.###..#.
#.^..........)###.
...############.#


You could see mastercheaf21's ghost.

Notes
Turn   | Place    | Note
-------+----------+-------------------------------------------
     0 | D:1      | theanonym the Merfolk Gladiator began the quest for the Orb.
     0 | D:1      | Reached XP level 1. HP: 16/16 MP: 1/1
   211 | D:1      | Reached XP level 2. HP: 23/23 MP: 2/2
   543 | D:1      | Reached skill level 5 in Polearms
   845 | D:2      | HP: 8/23 [leopard gecko (4)]
   862 | D:2      | Reached XP level 3. HP: 6/28 MP: 3/3
  1489 | D:3      | Reached skill level 1 in Shields
  1606 | D:3      | Noticed drevant's ghost (amateur DsAK)
  1623 | D:3      | HP: 14/28 [drevant's ghost (7)]
  1631 | D:3      | HP: 13/28 [drevant's ghost (2)]
  1633 | D:3      | Killed drevant's ghost
  1633 | D:3      | Reached skill level 3 in Fighting
  1633 | D:3      | Reached skill level 6 in Polearms
  1633 | D:3      | Reached skill level 5 in Dodging
  1633 | D:3      | Reached XP level 4. HP: 14/35 MP: 4/4
  1633 | D:3      | Reached XP level 5. HP: 17/41 MP: 5/5
  1852 | D:3      | Reached skill level 2 in Shields
  1873 | D:3      | Found a glowing silver altar of Zin.
  1935 | D:3      | Reached XP level 6. HP: 39/47 MP: 6/6
  1998 | D:3      | Reached skill level 7 in Polearms
  2427 | D:4      | HP: 24/48 [poisoned by an adder]
  2434 | D:4      | HP: 23/48 [poisoned by an adder]
  2443 | D:4      | HP: 23/48 [poisoned by an adder]
  2721 | D:4      | Reached skill level 4 in Fighting
  2721 | D:4      | Reached skill level 8 in Polearms
  2721 | D:4      | Reached XP level 7. HP: 45/54 MP: 7/7
  2994 | D:4      | Reached skill level 3 in Shields
  3024 | D:4      | Reached skill level 6 in Dodging
  3355 | D:5      | Entered Level 5 of the Dungeon
  3399 | D:5      | Noticed mastercheaf21's ghost (novice MiBe)
  3411 | D:5      | HP: 4/55 [mastercheaf21's ghost (29)]
  3428 | D:5      | Demolished by mastercheaf21's ghost

Vanquished Creatures
  The ghost of drevant the Skirmisher, an amateur DsAK of Lugonu (D:3)
  2 ogres (D:4)
  A scorpion (D:4)
  3 orc priests (D:4)
  A hound (D:4)
  An orc wizard (D:3)
  A bullfrog skeleton (D:4)
  3 worker ants (D:4)
  2 adders
  An ooze (D:3)
  2 worms
  3 leopard geckos
  11 orcs
  A ball python (D:2)
  A giant cockroach (D:2)
  7 goblins
  6 hobgoblins
  6 jackals (D:3)
  7 kobolds
  4 quokkas
  2 bats
  2 frilled lizards (D:3)
  5 rats
73 creatures vanquished.
